 Dungeon Crawl Stone Soup version 0.32-a0-909-gc671339a80 (webtiles) character file.

Game seed: 8631358041415050564

141 Daunt the Shooter (level 5, -20/38 HPs)
             Began as a Coglin Hunter on Apr 7, 2024.
             Demolished by an ogre
             ... wielding a +0 giant club
              (23 damage)
             ... on level 4 of the Dungeon.
             The game lasted 00:04:33 (1859 turns).

Daunt the Shooter (Coglin Hunter)                   Turns: 1859, Time: 00:04:33

Health: -20/38     AC:  6    Str: 10    XL:     5   Next: 24%
Magic:  6/6        EV: 11    Int: 13    God:
Gold:   154        SH:  0    Dex: 18    Spells: 5/5 levels left

rFire   . . .        a - +2 sling {Katrin}
rCold   . . .        d - +0 sling {Bangon}
rNeg    . . .        c - +0 leather armour
rPois   .            k - +2 helmet
rElec   .            (no cloak)
rCorr   .            (no gloves)
SInv    .            (no boots)
Will    .....        (amulet unavailable)
Stlth   ++           (ring unavailable)
HPRegen 0.26/turn    (ring unavailable)
MPRegen 0.10/turn    (no gizmo)

%: no passive effects
@: lethally poisoned (-20 -> -22), weakened, revving
A: off-hand wielding, slow wielding, warmup strikes, no jewellery, clever 1,
persistent drain
a: Invent Gizmo


You were on level 4 of the Dungeon.
You visited 1 branch of the dungeon, and saw 4 of its levels.

You collected 154 gold pieces.

Inventory:

Hand Weapons
 a - a +2 sling (weapon) {Katrin}
 d - a +0 sling (offhand) {Bangon}
Missiles
 e - 41 stones
 m - 8 boomerangs
 w - 2 poisoned darts
 x - a throwing net
Armour
 c - a +0 leather armour (worn)
 k - a +2 helmet (worn)
Scrolls
 b - a scroll of butterflies
 g - 3 scrolls of fog {unknown}
 h - 4 scrolls of amnesia {unknown}
 j - 2 scrolls of vulnerability {unknown}
 n - 7 scrolls of identify {unknown}
 o - 2 scrolls of revelation {unknown}
 p - a scroll of silence {unknown}
 r - a scroll of summoning {unknown}
 t - a scroll of enchant weapon {unknown}
 u - a scroll of acquirement {unknown}
 v - 3 scrolls of teleportation {unknown}
Potions
 f - a potion of mutation
 i - a potion of magic {unknown}
 l - a potion of invisibility {unknown}
 q - 2 potions of curing
 s - a potion of heal wounds {unknown}


   Skills:
 - Level 2.0 Fighting
 + Level 5.7 Ranged Weapons
 - Level 1.7 Dodging
 - Level 0.7 Stealth
 - Level 0.7 Spellcasting


You had 5 spell levels left.
You didn't know any spells.
Your spell library contained the following spells:

 Spells                   Type           Power      Damage    Failure   Level
 Slow                     Hex            0%         N/A       36%         1
 Call Imp                 Summ           0%         N/A       52%         2
 Sublimation of Blood     Necr           0%         N/A       52%         2
 Confusing Touch          Hex            0%         N/A       75%         3
 Hailstorm                Conj/Ice       0%         3d5       75%         3
 Inner Flame              Hex/Fire       0%         N/A       75%         3
 Summon Ice Beast         Ice/Summ       0%         N/A       75%         3
 Vampiric Draining        Necr           0%         2d6       75%         3
 Irradiate                Conj/Alch      0%         3d11      100%        5
 Permafrost Eruption      Ice/Erth       0%         2x4d1     100%        6
 Sculpt Simulacrum        Ice/Alch       0%         N/A       100%        6
 Summon Hydra             Summ           0%         N/A       100%        7
 Ignition                 Fire           0%         3d3       100%        8


Dungeon Overview and Level Annotations

Branches:
Dungeon (4/15)
 Temple: D:4-7

Altars:
Fedhas


Innate Abilities, Weirdness & Mutations

You can wield a second weapon in your off-hand.
It takes a long time for you to wield or remove held weapons.
Your first few attacks do less damage.
You cannot equip rings or amulets.
Your mind is acute. (Int +4, Str/Dex -1)
Your health recovers twice as slowly from being drained.


Message History

The sling bullet hits the gnoll.
The gnoll is lightly wounded.
You shoot a sling bullet.
The sling bullet closely misses the gnoll.
The sling bullet hits the gnoll but does no damage.
The gnoll is lightly wounded.
The gnoll closely misses you.
The gnoll bouda gazes fiercely through you!
You feel your attacks grow feeble.
You shoot a sling bullet.
The sling bullet barely misses the gnoll.
The sling bullet hits the gnoll.
The gnoll is severely wounded.
You shoot a sling bullet. The sling bullet hits the gnoll.
The gnoll is heavily wounded.
The gnoll misses you.
You shoot a sling bullet.
The sling bullet closely misses the gnoll.
The sling bullet hits the gnoll bouda but does no damage.
You shoot a sling bullet. The sling bullet hits the gnoll.
The gnoll is almost dead.
The gnoll hits you from afar with a +0 halberd!
The gnoll hits you from afar with a +0 halberd.
The gnoll attacks as it pursues you!
The gnoll hits you from afar with a +0 spear of venom.
You are poisoned.
You feel sick.
You feel sick.
The ogre shouts!
The gnoll barely misses you.
You feel sick.
You feel sick.
The gnoll bouda calls upon its god to heal the gnoll.
The gnoll is healed somewhat.
The gnoll attacks as it pursues you!
The gnoll hits you from afar with a +0 halberd!
* * * LOW HITPOINT WARNING * * *
The gnoll attacks as it pursues you! The gnoll hits you but does no damage.
The ogre hits you with a +0 giant club!!
Ouch! That really hurt!
You die...

.... #. ..# ....##. ...#
. .)... ...### ......
#........
#.#..#######...##...
#....#...............
#....g...g...........
##.#.#...g..........
##.#####@....#.#.# ##
#O........ #.....###
#.<...# ##.....#
#......## #.......#
###########.##.#..#
#..............#..#######


You could see an ogre, a gnoll bouda and 2 gnolls.

Vanquished Creatures
  A bombardier beetle (D:3)
  An iguana (D:4)
  2 adders
  A gnoll (D:4)
  A dart slug (D:3)
  2 ribbon worms (D:2)
  2 orcs (D:3)
  4 endoplasms
  4 giant cockroaches
  3 goblins
  4 hobgoblins
  3 kobolds
  2 quokkas (D:1)
  5 ball pythons
  4 bats
  2 frilled lizards (D:3)
  5 rats
46 creatures vanquished.

Notes
Turn   | Place    | Note
-------+----------+-------------------------------------------
     0 | D:1      | Daunt the Coglin Hunter began the quest for the Orb.
     0 | D:1      | Reached XP level 1. HP: 16/16 MP: 1/1
   133 | D:1      | Reached XP level 2. HP: 22/22 MP: 1/3
   364 | D:1      | Reached skill level 4 in Ranged Weapons
   690 | D:2      | Reached XP level 3. HP: 27/27 MP: 4/4
  1127 | D:3      | Reached skill level 5 in Ranged Weapons
  1127 | D:3      | Reached XP level 4. HP: 33/33 MP: 5/5
  1134 | D:3      | Identified the +5 battleaxe "Genidaok" {venom, Dex+4}
  1153 | D:3      | Found a blossoming altar of Fedhas.
  1600 | D:4      | Noticed a phantom
  1633 | D:4      | Noticed an ogre
  1680 | D:4      | Gained mutation: Your health recovers twice as slowly from
                  | being drained. [potion of mutation]
  1680 | D:4      | Gained mutation: Your mind is acute. (Int +4, Str/Dex -1)
                  | [potion of mutation]
  1689 | D:4      | Reached XP level 5. HP: 13/38 MP: 6/6
  1859 | D:4      | Demolished by an ogre

Illustrated notes

Levels and vault maps discovered:
D:1:      lightli_arrival_chessboard, layout_rooms, serial_bayou_lake_a
D:2:      layout_loops_ring, chequers_garden
D:3:      layout_rooms, mainiacjoe_overflow_tiny_flanked, serial_bayou_pond_e
D:4:      layout_loops_cross

Skill      XL: |  1  2  3 |
---------------+----------+-----
Ranged Weapons | 4 5 |  5.7
Fighting       | |  2.0
Dodging        | |  1.7
Stealth        | |  0.7
Spellcasting   | |  0.7

Action                     |  1- 3 |  4- 6 || total
---------------------------+-------+-------++-------
   Fire: Sling             |   124 |    84 ||   208
  Throw: Throwing net      |       |     1 ||     1
    Use: Potion            |       |     3 ||     3
 Armour: Leather armour    |     1 |    15 ||    16
  Dodge: Dodged            |     1 |     8 ||     9

Table legend: (Time is in decaauts)
 A = Elapsed time spent in this place.
 B = Non-inter-level travel time spent in this place.
 C = Inter-level travel time spent in this place.
 D = Time resting spent in this place.
 E = Time spent auto-exploring this place.
 F = Levels seen in this place.
 G = Mean time per level.
                   A        B        C        D        E       F      G
               +--------+--------+--------+--------+--------+-----+--------+
         Total |   1905 |   1750 |    155 |     94 |   1361 |   4 |  476.2 |
       Dungeon |   1905 |   1750 |    155 |     94 |   1361 |   4 |  476.2 |
               +--------+--------+--------+--------+--------+-----+--------+

Top non-repeatable levels by time:
     D:2: 603 daAuts
     D:1: 554 daAuts
     D:3: 543 daAuts
     D:4: 204 daAuts
